 Dungeon Crawl Stone Soup version 0.19.4-12-gccf7e64 (webtiles) character file.

164 Patwa the Skirmisher (level 5, 0/42 HPs)
             Began as a Demonspawn Abyssal Knight on Feb 27, 2017.
             Was a Follower of Lugonu.
             Slain by a worker ant (1 damage)
             ... on level 3 of the Dungeon.
             The game lasted 00:20:59 (6108 turns).

Patwa the Skirmisher (Demonspawn Abyssal Knight)    Turns: 6108, Time: 00:21:00

Health: 0/42       AC: 13    Str: 13    XL:     5   Next: 21%
Magic:  6/6        EV:  6    Int: 13    God:    Lugonu [*.....]
Gold:   149        SH:  0    Dex: 13    Spells: 0 memorised, 4 levels left

rFire  . . .     SeeInvis .     a - +1 falchion
rCold  . . .     Gourm    .     p - +0 chain mail
rNeg   . . .     Faith    .     (no shield)
rPois  .         Spirit   .     (no helmet)
rElec  .         Reflect  .     e - +0 cloak
rCorr  .         Harm     .     (no gloves)
MR     .....                    (no boots)
Stlth  ..........               (no amulet)
                                (no ring)
                                R - ring of stealth

@: lethally poisoned (0 -> -4), about to teleport
A: yellow scales 2, powered by pain 1
a: Depart the Abyss, Renounce Religion


You were on level 3 of the Dungeon.
You worshipped Lugonu.
Lugonu was aware of your devotion.
You were not hungry.

You visited 1 branch of the dungeon, and saw 3 of its levels.
You visited the Abyss 1 time.

You collected 149 gold pieces.

Inventory:

Hand Weapons
 a - a +1 falchion (weapon)
 f - a +0 club
 g - a +0 club
 h - a +1 dagger of speed
 k - a +0 vampiric dagger
 l - a +0 club
 q - a +0 mace
 s - a +0 hunting sling
 u - a +0 club
 v - a cursed -2 club
 B - a +0 club
 C - a +0 club
 E - a +0 club
 F - a +0 hand axe
 I - a +0 dagger
 M - a +0 short sword of freezing
 Q - a +0 flail
Missiles
 d - 86 stones (quivered)
 r - 27 arrows
Armour
 b - a +0 leather armour
 e - a +0 cloak (worn)
 p - a +0 chain mail (worn)
 w - a +1 naga barding
 y - a +0 leather armour
 A - a +0 ring mail
 D - a +0 chain mail
 G - a +0 ring mail
 L - a +0 ring mail
 O - a +0 robe
 P - a +0 leather armour
Jewellery
 R - a ring of stealth (left hand)
Scrolls
 j - 3 scrolls of noise
 x - a scroll of teleportation
 H - a scroll of remove curse
 J - 2 scrolls of random uselessness {unknown}
Potions
 i - a potion of mutation {unknown}
 o - 2 potions of degeneration {unknown}
 t - a potion of berserk rage {unknown}
 z - 2 potions of might {unknown}
 K - 2 potions of curing {unknown}
 N - a potion of heal wounds {unknown}
Comestibles
 c - a bread ration
 m - a slice of pizza
 n - 3 fruits


   Skills:
 + Level 3.9 Fighting
 + Level 3.3 Long Blades
 + Level 1.0 Throwing
 + Level 2.6 Armour
 + Level 1.3 Dodging
 + Level 0.2 Stealth
 + Level 2.4 Invocations


You had 4 spell levels left.
You didn't know any spells.

Dungeon Overview and Level Annotations

Branches:
Dungeon (3/15)

Altars:
Ashenzari
Dithmenos
Makhleb
Zin


Innate Abilities, Weirdness & Mutations

You are mostly covered in yellow scales. (AC +3)
You sometimes gain a little power by taking damage.


Message History

The worker ant is almost dead.
You feel sick.
You feel sick.
You feel sick.
You feel sick.
The worker ant bites you but does no damage. x2
You feel sick.
You feel sick.
You feel sick.
You feel sick. The worker ant barely misses you.
You hit the worker ant but do no damage.
The worker ant is almost dead.
You feel sick. The worker ant bites you.
* * * LOW HITPOINT WARNING * * *
Unknown command.
As you read the scroll of teleportation, it crumbles to dust.
You feel strangely unstable.
* * * LOW HITPOINT WARNING * * *
You feel sick. The worker ant bites you.
You die...

###.# #.# ....# #.#
##### #.#########
########.#........
.........#.#########
##########.#.......#
. #.#.....#.# ######
#.#####.#.# ..#..
#.....a@..#
#.#.############.###
#'#..............#
......############
......# ...
......###.#
......#... ......#.#
......'.#


You could see a worker ant.

Vanquished Creatures
  Natasha (D:2)
  7 adders
  A worm (D:2)
  3 dart slugs
  3 leopard geckos (D:1)
  An orc (D:2)
  A ball python (D:1)
  6 bats
  3 giant cockroaches
  12 goblins
  7 hobgoblins
  5 jackals
  7 kobolds
  A frilled lizard (D:2)
  6 rats
64 creatures vanquished.

Notes
Turn   | Place    | Note
-------+----------+-------------------------------------------
     0 | Abyss:1  | Patwa the Demonspawn Abyssal Knight began the quest for the Orb.
     0 | Abyss:1  | Reached XP level 1. HP: 18/18 MP: 2/2
    59 | Abyss:1  | Noticed a mottled draconian
    62 | Abyss:1  | Noticed a small abomination
    62 | Abyss:1  | Noticed a neqoxec
    84 | D:1      | Escaped the Abyss
   608 | D:1      | Gained mutation: You are partially covered in yellow scales. (AC +2) [demonic ancestry]
   608 | D:1      | Reached XP level 2. HP: 17/24 MP: 3/3
   615 | D:1      | Reached * piety under Lugonu
  1239 | D:1      | Gained mutation: You are mostly covered in yellow scales. (AC +3) [demonic ancestry]
  1239 | D:1      | Reached XP level 3. HP: 29/29 MP: 4/4
  1941 | D:2      | Reached skill level 1 in Dodging
  2290 | D:2      | Found a burning altar of Makhleb.
  2290 | D:2      | Found a shattered altar of Ashenzari.
  2346 | D:2      | Found a glowing silver altar of Zin.
  2351 | D:2      | Found a shadowy altar of Dithmenos.
  2353 | D:2      | Found a faded altar of an unknown god.
  2635 | D:2      | Reached XP level 4. HP: 36/37 MP: 5/5
  3283 | D:2      | Noticed Natasha
  4706 | D:2      | Killed Natasha
  4885 | D:2      | Reached skill level 1 in Throwing
  4903 | D:2      | Gained mutation: You sometimes gain a little power by taking damage. [demonic ancestry]
  4903 | D:2      | Reached XP level 5. HP: 41/42 MP: 6/6
  6107 | D:3      | HP: 1/42 [worker ant (6)]
  6108 | D:3      | Slain by a worker ant

Skill      XL: |  1  2  3  4 |
---------------+-------------+-----
Long Blades    | 2 3 |  3.3
Dodging        | 1 |  1.3
Armour         | 2 |  2.6
Throwing       | 1 |  1.0
Fighting       | |  3.9
Stealth        | |  0.2
Invocations    | |  2.4

Action                   |  1- 3 |  4- 6 || total
-------------------------+-------+-------++-------
Melee: Falchion          |   132 |   178 ||   310
Throw: Stone             |    26 |    26 ||    52
Invok: Depart the Abyss  |     1 |       ||     1
  Use: Scroll            |     3 |     3 ||     6
  Eat: Pizza             |     1 |       ||     1
       Bread ration      |     1 |     1 ||     2
       Beef jerky        |     1 |       ||     1
       Meat ration       |       |     1 ||     1
Armor: Leather armour    |    36 |       ||    36
       Chain mail        |    63 |   182 ||   245
Dodge: Dodged            |    85 |    75 ||   160
       Rpst.: Falchion   |    26 |    29 ||    55
